 Dungeon Crawl Stone Soup version 0.29.1-2-gbd0b4ee654 (webtiles) character file.

Game seed: 1170259840405426078

628 kyanize the Trooper (level 7, 0/62 HPs)
             Began as a Minotaur Berserker on Nov 13, 2022.
             Was a Priest of Trog.
             Slain by an orc warrior
             ... wielding a +0 scimitar
              (8 damage)
             ... on level 7 of the Dungeon.
             The game lasted 00:19:43 (4171 turns).

kyanize the Trooper (Minotaur Berserker)            Turns: 4171, Time: 00:19:44

Health: 0/62       AC: 12    Str: 20 (23) XL:     7   Next: 23%
Magic:  6/6        EV:  6    Int:  8      God:    Trog [***...]
Gold:   150        SH:  0    Dex:  7 (8)  Spells: 6/6 levels left

rFire   . . .      SeeInvis .   n - +6 club
rCold   . . .      Faith    .   (no shield)
rNeg    . . .      Spirit   .   i - +0 plate armour
rPois   +          Reflect  .   (helmet restricted)
rElec   .          Harm     .   (no cloak)
rCorr   .          Rampage  .   (no gloves)
Will    ++...                   (no boots)
Stlth   ..........              (no amulet)
HPRegen 1.20/turn               o - ring of poison resistance
MPRegen 0.10/turn               (no ring)

@: strong-willed, regenerating
A: horns 2, retaliatory headbutt, clever 1, deterioration 1, poison resistance
a: Renounce Religion, Berserk, Trog's Hand


You were on level 7 of the Dungeon.
You worshipped Trog.
Trog was most pleased with you.
You visited 1 branch of the dungeon, and saw 6 of its levels.

You collected 150 gold pieces.

Inventory:

Hand Weapons
 a - a +0 mace
 g - a +2 dagger of draining
 n - a +6 club (weapon)
 p - a +0 sling of flaming
Missiles
 b - 24 stones
 e - 6 boomerangs (quivered)
 f - 2 javelins
 h - 14 poisoned darts
 j - 5 atropa-tipped darts
 t - 3 large rocks
Armour
 c - a +0 leather armour
 i - a +0 plate armour (worn)
Jewellery
 o - a ring of poison resistance (left hand)
Wands
 q - a wand of mindburst (18)
 v - a wand of flame (25)
Scrolls
 d - 3 scrolls of identify
Potions
 k - a potion of mutation
 m - a potion of berserk rage
 r - a potion of lignification
 u - a potion of degeneration


   Skills:
 + Level 5.7 Fighting
 + Level 4.1 Short Blades
 + Level 5.1 Maces & Flails
 + Level 5.3 Armour
 + Level 3.2 Dodging
 + Level 0.2 Stealth


You had 6 spell levels left.
You didn't know any spells.
Your spell library contained the following spells:

 Spells                   Type           Power      Damage    Failure   Level
 Beastly Appendage        Tmut           0%         N/A       100%        1
 Wereblood                Tmut           0%         N/A       100%        2
 Spider Form              Tmut/Pois      0%         N/A       100%        3
 Animate Dead             Necr           0%         N/A       100%        4
 Haunt                    Necr/Summ      0%         N/A       100%        7
 Infestation              Necr           0%         N/A       100%        8
 Chain Lightning          Conj/Air       0%         N/A       100%        9
 Fire Storm               Conj/Fire      0%         5d1       100%        9
 Shatter                  Erth           0%         3d5*      100%        9


Dungeon Overview and Level Annotations

Branches:
Dungeon (5/15)             Temple (0/1) D:7

Altars:
Hepliaklqana
Qazlal
Ru
Xom


Innate Abilities, Weirdness & Mutations

You have a pair of horns on your head.
You reflexively headbutt those who attack you in melee.
Your mind is acute. (Int +4, Str/Dex -1)
Your body sometimes deteriorates upon taking damage.
Your system is resistant to poisons. (rPois)


Message History

Trog accepts your kill.
The orc warrior hits you with a +0 scimitar!
You feel your strength returning.
Found a potion of heal wounds.
The orc warrior hits you with a +0 scimitar!
* * * LOW HITPOINT WARNING * * *
Things that are here:
a +0 short sword; an orc corpse Your skin crawls.
You feel strong-willed.
The orc warrior hits you with a +0 scimitar!
* * * LOW HITPOINT WARNING * * *
You feel much better.
The orc warrior hits you but does no damage.
You barely miss the orc warrior. Your headbutt misses the orc warrior.
The orc warrior hits you with a +0 scimitar.
You hit the orc warrior but do no damage.
The orc warrior hits you with a +0 scimitar!
* * * LOW HITPOINT WARNING * * *
You hit the orc warrior. You headbutt the orc warrior!
The orc warrior is heavily wounded.
The orc warrior hits you with a +0 scimitar.
* * * LOW HITPOINT WARNING * * *
You closely miss the orc warrior.
The orc warrior is heavily wounded.
The orc warrior hits you with a +0 scimitar!
* * * LOW HITPOINT WARNING * * *
Your body deteriorates!
You feel weakened.
Okay, then.
Okay, then.
You hit the orc warrior but do no damage.
The orc warrior is heavily wounded.
The orc warrior closely misses you.
You hit the orc warrior.
The orc warrior is severely wounded.
The orc warrior barely misses you.
You hit the orc warrior.
The orc warrior is almost dead.
The orc warrior hits you with a +0 scimitar!
You die...

..#!.. .. ##
#..... .# ..#
...>. ...#.#
.# ....
.#..?#
...#...#....#
........#..#
#.#.#.....#
#...o@.#
##.#...#
#....##
####.# #)#
#.# #.# #.#
#.#


You could see an orc warrior.

Vanquished Creatures
  Sigmund (D:4)
  An ogre (D:5)
  A scorpion (D:5)
  2 necrophages
  An orc priest (D:7)
  Ijyb (D:4)
  Robin (D:4)
  3 adders
  An ufetubus (D:4)
  3 worms (D:3)
  4 dart slugs
  8 orcs
  4 bats
  8 endoplasms
  3 giant cockroaches
  16 goblins
  7 hobgoblins
  13 ball pythons
  5 frilled lizards
  12 kobolds
  5 rats
100 creatures vanquished.

Vanquished Creatures (others)
  A fungus (D:1)
  A plant (D:1)
2 creatures vanquished.

Grand Total: 102 creatures vanquished

Notes
Turn   | Place    | Note
-------+----------+-------------------------------------------
     0 | D:1      | kyanize the Minotaur Berserker began the quest for the Orb.
     0 | D:1      | Reached XP level 1. HP: 19/19 MP: 0/0
    87 | D:1      | Found a faded altar of an unknown god.
   397 | D:1      | Reached XP level 2. HP: 27/27 MP: 1/1
   889 | D:1      | Reached XP level 3. HP: 32/33 MP: 2/2
   957 | D:1      | Reached ** piety under Trog
  1143 | D:1      | You fall into a shaft and drop 1 floor!
  1269 | D:2      | Gained mutation: Your mind is acute. (Int +4, Str/Dex -1)
                  | [potion of mutation]
  1269 | D:2      | Gained mutation: Your body sometimes deteriorates upon
                  | taking damage. [potion of mutation]
  1269 | D:2      | Gained mutation: Your system is resistant to poisons.
                  | (rPois) [potion of mutation]
  1451 | D:2      | Found a sacrificial altar of Ru.
  2037 | D:3      | Found a shimmering altar of Xom.
  2060 | D:3      | Reached XP level 4. HP: 41/41 MP: 3/3
  2097 | D:3      | Reached skill level 1 in Short Blades
  2223 | D:3      | Reached *** piety under Trog
  2620 | D:3      | Found a hazy altar of Hepliaklqana.
  3172 | D:4      | Noticed a necrophage
  3186 | D:4      | Killed a necrophage
  3187 | D:4      | Reached skill level 5 in Fighting
  3187 | D:4      | Reached XP level 5. HP: 48/48 MP: 4/4
  3398 | D:4      | Found a stormy altar of Qazlal.
  3409 | D:4      | Noticed Robin
  3440 | D:4      | Killed Robin
  3523 | D:4      | Noticed Ijyb
  3533 | D:4      | Killed Ijyb
  3718 | D:4      | Noticed Sigmund
  3726 | D:4      | Killed Sigmund
  3727 | D:4      | Reached XP level 6. HP: 56/56 MP: 5/5
  3963 | D:5      | Entered Level 5 of the Dungeon
  4010 | D:5      | Reached skill level 5 in Maces & Flails
  4010 | D:5      | Reached skill level 5 in Armour
  4010 | D:5      | Reached XP level 7. HP: 35/61 MP: 6/6
  4015 | D:5      | You fall into a shaft and drop 2 floors!
  4157 | D:7      | Found a staircase to the Ecumenical Temple.
  4163 | D:7      | HP: 1/62 [orc warrior/+0 scimitar (9)]
  4171 | D:7      | Slain by an orc warrior

Illustrated notes

Levels and vault maps discovered:
D:1:      eino_arrival_druids_welcome, layout_loops_corners,
          shapermc_ecumenical_altar_mp_ritualfount
D:2:      layout_loops_ring, basic_altar, minmay_misc_feat_rugged,
          chequers_serial_rivers_micro_b, roderic_serpentine_path
D:3:      layout_basic, nzn_hepliaklqana_mist_gate, lemuel_tele_altar
D:4:      layout_basic, lemuel_round_altar, uniq_sigmund, uniq_ijyb, uniq_robin
D:5:      layout_cave_pools, uniq_menkaure
D:7:      layout_loops_ring, grunt_temple_overflow_open,
          nzn_wu_jian_contemplation, minmay_temple_entry_sparse_star,
          uniq_crazy_yiuf_cottage, uniq_joseph

Skill      XL: |  1  2  3  4  5  6  7 |
---------------+----------------------+-----
Fighting       | 4 5 |  5.7
Maces & Flails | 4 5 |  5.1
Short Blades   | 2 3 4 |  4.1
Armour         | 3 4 5 |  5.3
Dodging        | 3 |  3.2
Stealth        | |  0.2

Action                   |  1- 3 |  4- 6 |  7- 9 || total
-------------------------+-------+-------+-------++-------
Melee: Mace              |    43 |       |       ||    43
       Headbutt          |    12 |    19 |     3 ||    34
       Dagger            |    52 |   101 |       ||   153
       Club              |       |    30 |    13 ||    43
Invok: Trog's Hand       |     2 |     2 |     2 ||     6
       Berserk           |       |     1 |       ||     1
  Use: Potion            |     4 |     4 |     1 ||     9
       Scroll            |     2 |     6 |     2 ||    10
Armor: Animal skin       |     1 |       |       ||     1
       Leather armour    |     6 |       |       ||     6
       Plate armour      |    19 |    72 |     3 ||    94
Dodge: Dodged            |    54 |    30 |     2 ||    86
